 Dungeon Crawl Stone Soup version 0.27.0-1-g7a089689b8 (webtiles) character file.

Game seed: 14670941930578902625

720 Descartes the Shield-Bearer (level 8, -3/62 HPs)
             Began as a Formicid Fighter on Aug 1, 2021.
             Slain by a sky beast (5 damage)
             ... on level 4 of the Dungeon.
             The game lasted 00:06:42 (4560 turns).

Descartes the Shield-Bearer (Formicid Fighter)      Turns: 4560, Time: 00:06:42

Health: -3/62      AC: 12    Str: 23    XL:     8   Next: 2%
Magic:  8/8        EV:  6    Int:  8    God:
Gold:   147        SH: 10    Dex: 10    Spells: 7/7 levels left

rFire    . . .     SeeInvis +   a - +0 long sword
rCold    . . .     Faith    .   c - +0 kite shield
rNeg     + . .     Spirit   .   u - +0 plate armour
rPois    +         Reflect  .   (helmet unavailable)
rElec    .         Harm     .   (no cloak)
rCorr    .         Rampage  .   (no gloves)
Will     .....                  (no boots)
Stlth    ..........             (no amulet)
HPRegen  0.20/turn              s - ring of positive energy
MPRegen  0.11/turn              t - ring of poison resistance

@: flying (expiring)
A: permanent stasis, dig shafts and tunnels, antennae 3, four strong arms
a: Dig, Shaft Self


You were on level 4 of the Dungeon.
You visited 1 branch of the dungeon, and saw 5 of its levels.

You collected 147 gold pieces.

Inventory:

Hand Weapons
 a - a +0 long sword (weapon)
 h - a +3 short sword
Missiles
 j - 59 arrows
 o - 48 stones
Armour
 c - a +0 kite shield (worn)
 u - a +0 plate armour (worn)
Jewellery
 s - a ring of positive energy (left hand)
 t - a ring of poison resistance (right hand)
Scrolls
 b - a scroll of enchant weapon {unknown}
 e - a scroll of torment {unknown}
 g - 2 scrolls of teleportation {unknown}
 k - 3 scrolls of amnesia {unknown}
 m - a scroll of identify {unknown}
 p - a scroll of immolation {unknown}
 r - a scroll of enchant armour {unknown}
Potions
 d - 2 potions of might
 f - 2 potions of attraction


   Skills:
 - Level 5.0 Fighting
 + Level 4.6 Long Blades
 + Level 5.7 Armour
 + Level 6.3 Shields


You had 7 spell levels left.
You didn't know any spells.
Your spell library contained the following spells:

 Spells                   Type           Power      Damage    Failure   Level
 Gell's Gravitas          Tloc           0%         N/A       100%        3
 Lesser Beckoning         Tloc           0%         N/A       100%        3
 Teleport Other           Tloc           0%         N/A       100%        3


Dungeon Overview and Level Annotations

Branches:
Dungeon (5/15)
 Temple: D:4-7

Altars:
Kikubaaqudgha
Wu Jian


Innate Abilities, Weirdness & Mutations

You cannot be hasted, slowed, berserked, paralysed or teleported.
You can dig through walls and to a lower floor.
You have a pair of large antennae on your head. (SInv)
Your four strong arms can wield two-handed weapons with a shield.


Message History

You slash the phantom!
You destroy the phantom!
The adder bites you but does no damage.
You have reached level 8!
You feel stronger.
You barely miss the adder. You block the adder's attack.
You closely miss the adder. You block the adder's attack.
The adder barely misses you.
Your plate armour prevents you from hitting the adder.
The adder bites you but does no damage. You block the adder's attack.
It was a potion of haste.
Your stasis prevents you from being hasted.
You block the adder's attack.
You closely miss the adder.
The adder bites you but does no damage. x2
You closely miss the adder. The adder bites you but does no damage.
You closely miss the adder. You block the adder's attack.
The adder bites you but does no damage.
You closely miss the adder. You block the adder's attack.
The adder bites you but does no damage.
You feel less attractive to monsters.
You closely miss the adder. The adder bites you.
* * * LOW HITPOINT WARNING * * *
Your plate armour prevents you from hitting the adder.
The adder completely misses you. You block the adder's attack.
You hit the adder.
The adder is heavily wounded.
The adder bites you but does no damage.
You barely miss the adder.
The adder is heavily wounded.
You are starting to lose your buoyancy.
The adder bites you but does no damage. The adder barely misses you.
The sky beast flickers out of sight for a moment.
You slash the adder!
You kill the adder!
You barely miss the sky beast. You block the sky beast's attack.
You hit the sky beast.
The sky beast is lightly wounded.
The sky beast hits you.
* * * LOW HITPOINT WARNING * * *
The sky beast shocks you.
You die...

...#.#### ##...## ##.##
##. .....# ##.#####...#
#. ....## #.###.....## #.
##### #.##.......# #. #
##.........## ##
#{.........# #
#..........# #
#########.........##
##..##@###..........#
##....##Y##.#........#
##......#.##..#.......#
#........####.##....#####
#.........###............
#........).##..##########
##.....>......###
#.............#
#.............#


You could see a sky beast.

Vanquished Creatures
  The ghost of chipmonk the Vexing, an amateur HuAM (D:4)
  A water moccasin (D:4)
  A phantom (D:4)
  A scorpion (D:4)
  2 jellies (D:4)
  A hound (D:4)
  Terence (D:2)
  An iguana (D:4)
  A hound skeleton (D:4)
  A gnoll (D:1)
  6 adders
  A white imp (D:4)
  An ufetubus (D:4)
  2 worms
  2 dart slugs (D:1)
  An orc (D:4)
  2 endoplasms
  A giant cockroach (D:2)
  2 goblins
  9 hobgoblins
  3 quokkas
  4 ball pythons
  8 bats
  12 frilled lizards
  3 kobolds
  7 rats
75 creatures vanquished.

Notes
Turn   | Place    | Note
-------+----------+-------------------------------------------
     0 | D:1      | Descartes the Formicid Fighter began the quest for the Orb.
     0 | D:1      | Reached XP level 1. HP: 18/18 MP: 1/1
    99 | D:1      | Reached XP level 2. HP: 19/24 MP: 2/2
   321 | D:1      | Reached skill level 4 in Shields
   323 | D:1      | Reached XP level 3. HP: 22/29 MP: 3/3
  1199 | D:1      | Found a faded altar of an unknown god.
  1501 | D:2      | Reached XP level 4. HP: 37/37 MP: 4/4
  2098 | D:3      | Found an ancient bone altar of Kikubaaqudgha.
  2183 | D:3      | Noticed Terence
  2200 | D:2      | Killed Terence
  2311 | D:3      | Reached XP level 5. HP: 35/42 MP: 5/5
  3161 | D:4      | Reached XP level 6. HP: 49/49 MP: 6/6
  3181 | D:4      | Found a large runed translucent door.
  3200 | D:4      | Reached skill level 5 in Shields
  3273 | D:4      | Found an ornate altar of the Wu Jian Council.
  3424 | D:4      | Found a large runed translucent door.
  3430 | D:4      | Noticed chipmonk's ghost (amateur HuAM)
  3468 | D:4      | Killed chipmonk's ghost
  3469 | D:4      | Reached skill level 5 in Fighting
  3469 | D:4      | Reached skill level 5 in Armour
  3469 | D:4      | Reached XP level 7. HP: 46/56 MP: 7/7
  4028 | D:5      | Entered Level 5 of the Dungeon
  4034 | D:5      | Noticed a water moccasin
  4316 | D:4      | Killed a water moccasin
  4317 | D:4      | Reached skill level 6 in Shields
  4544 | D:4      | HP: 1/56 [phantom (8)]
  4546 | D:4      | Reached XP level 8. HP: 2/62 MP: 8/8
  4554 | D:4      | HP: 3/62 [adder (1)]
  4560 | D:4      | HP: 2/62 [sky beast (3)]
  4560 | D:4      | Slain by a sky beast

Illustrated notes

Levels and vault maps discovered:
D:1:      elethiomel_arrival_maze, layout_basic,
          dilly_ecumenical_altar_fadedgnrine, minmay_lizard_pond
D:2:      layout_loops_ring, patterned_corridor
D:3:      layout_loops_ring, kiku_gazebo_garden_becter, uniq_terence
D:4:      layout_cave_pods, mainiacjoe_overflow_six_doors_small,
          ebering_ghost_disaster_area, minmay_misc_feat_four_crosses,
          minmay_misc_feat_columns, minmay_statues_item
D:5:      layout_cave_pools, serial_shops, shop

Skill      XL: |  1  2  3  4  5  6  7 |
---------------+----------------------+-----
Shields        | 4 5 6 |  6.3
Fighting       | 4 5 |  5.0
Armour         | 4 5 |  5.7
Long Blades    | 3 4 |  4.6

Action                   |  1- 3 |  4- 6 |  7- 9 || total
-------------------------+-------+-------+-------++-------
Melee: Long sword        |   104 |   123 |    97 ||   324
 Abil: Dig               |       |       |     2 ||     2
  Use: Potion            |       |       |     4 ||     4
Armor: Scale mail        |    42 |       |       ||    42
       Chain mail        |     9 |    66 |       ||    75
       Plate armour      |       |       |    72 ||    72
Dodge: Dodged            |    40 |    29 |    32 ||   101
Block: Kite shield       |    53 |    61 |    80 ||   194
       Rpst.: Long sword |    12 |    10 |     9 ||    31
